 Dungeon Crawl Stone Soup version 0.29.0-13-gc9e81de378 (webtiles) character file.

Game seed: 11855914063642339249

6007 QueenGhuleh the Spear-Bearer (level 10, -5/91 HPs)
             Began as a Minotaur Berserker on Sept 8, 2022.
             Was an Elder of Trog.
             Slain by a steam dragon (9 damage)
             ... on level 9 of the Dungeon.
             The game lasted 00:14:56 (8975 turns).

QueenGhuleh the Spear-Bearer (Minotaur Berserker)   Turns: 8975, Time: 00:14:57

Health: -5/91      AC: 14    Str: 26    XL:     10   Next: 56%
Magic:  9/9        EV:  8    Int:  4    God:    Trog [****..]
Gold:   582        SH:  0    Dex: 10    Spells: 9/9 levels left

rFire   . . .      SeeInvis .   w - +3 halberd
rCold   . . .      Faith    .   (shield currently unavailable)
rNeg    . . .      Spirit   .   m - +0 plate armour
rPois   .          Reflect  .   (helmet restricted)
rElec   .          Harm     .   (no cloak)
rCorr   .          Rampage  .   (no gloves)
Will    +++..                   (no boots)
Stlth   ..........              (no amulet)
HPRegen 1.25/turn               f - +4 ring of slaying
MPRegen 0.11/turn               u - ring of willpower

@: strong-willed, on berserk cooldown, regenerating, slowed, very slow
A: horns 2, retaliatory headbutt
a: Renounce Religion, Berserk, Trog's Hand, Brothers in Arms


You were on level 9 of the Dungeon.
You worshipped Trog.
Trog was greatly pleased with you.
You visited 1 branch of the dungeon, and saw 9 of its levels.

You collected 582 gold pieces.

Inventory:

Hand Weapons
 g - a +0 war axe
 w - a +3 halberd (weapon)
Armour
 m - a +0 plate armour (worn)
Jewellery
 f - a +4 ring of slaying (left hand)
 u - a ring of willpower (right hand)
 v - an amulet of the acrobat
 y - a ring of positive energy
 C - a ring of flight
Wands
 k - a wand of charming (4)
 r - a wand of flame (7)
 x - a wand of iceblast (6)
Scrolls
 c - a scroll of enchant armour {unknown}
 d - a scroll of poison {unknown}
 h - 3 scrolls of fog {unknown}
 i - 2 scrolls of fear {unknown}
 j - 7 scrolls of identify {unknown}
 l - 2 scrolls of magic mapping {unknown}
 n - 5 scrolls of teleportation {unknown}
 q - 2 scrolls of amnesia {unknown}
 s - a scroll of enchant weapon {unknown}
 D - a scroll of vulnerability {unknown}
 E - a scroll of acquirement {unknown}
 G - a scroll of blinking {unknown}
 H - a scroll of noise {unknown}
Potions
 a - a potion of berserk rage {unknown}
 b - 8 potions of curing {unknown}
 e - 2 potions of lignification {unknown}
 o - 2 potions of mutation {unknown}
 p - 2 potions of brilliance
 t - a potion of heal wounds {unknown}
 z - a potion of resistance {unknown}
 A - 3 potions of attraction {unknown}
 B - a potion of haste
 F - a potion of magic {unknown}


   Skills:
 + Level 9.3 Fighting
 + Level 5.5(10.1) Axes
 + Level 13.0(13.4) Polearms
 + Level 9.5 Armour
 + Level 3.8 Dodging
 + Level 1.2 Stealth


You had 9 spell levels left.
You didn't know any spells.
Your spell library was empty.

Dungeon Overview and Level Annotations

Branches:
Dungeon (9/15)             Temple (0/1) D:5
   Lair: D:8-11         Orc: D:9-12

Altars:
Elyvilon
Nemelex Xobeh
Yredelemnul


Innate Abilities, Weirdness & Mutations

You have a pair of horns on your head.
You reflexively headbutt those who attack you in melee.


Message History

The black bear is engulfed in a cloud of scalding steam.
The howler monkey hits you.
* * * LOW HITPOINT WARNING * * *
The howler monkey closely misses you.
Your skin crawls.
You feel strong-willed.
You are engulfed in a cloud of scalding steam.
The howler monkey hits you but does no damage. x2
The steam dragon bites you but does no damage.
The steam dragon closely misses you.
The black bear is engulfed in a cloud of scalding steam.
The black bear bites you but does no damage.
The black bear barely misses you. x2
The howler monkey hits you but does no damage. x2
The steam dragon bites you.
* * * LOW HITPOINT WARNING * * *
The steam dragon claws you but does no damage.
The black bear is engulfed in a cloud of scalding steam.
The black bear dies!
You puncture the howler monkey! You headbutt the howler monkey.
You kill the howler monkey!
Trog accepts your kill.
The howler monkey hits you but does no damage.
The steam dragon bites you but does no damage.
The steam dragon claws you but does no damage.
Found 17 gold pieces.
You are no longer corroded.
The howler monkey hoots and howls with incredible vigour!
The steam dragon breathes steam at you. The ball of steam hits you.
* * * LOW HITPOINT WARNING * * *
You hear a howl!
You hear a shout! x3; You hear a croak.
You hear a shout! x2
The steam dragon bites you!
* * * LOW HITPOINT WARNING * * *
The steam dragon closely misses you.
You slice the steam dragon!!
The steam dragon is severely wounded.
You are engulfed in a cloud of scalding steam.
The steam dragon bites you!
You die...

##............ #..
#...........## #..
#...........## <.
##............ # ##.#
#†###........
##.#...#####...#........
#......§§.#..#.........#
#........#...###........
#......@.#[.## #.>.....#
.$.....Dh...## ..
#.........†..# .
#.##.............. .
#..............
................
.................
...............#.
......>.........#


You could see a steam dragon (catching breath) and a howler monkey.

Vanquished Creatures
  Gastronok (D:8)
  Pikel (D:4)
  Maurice (D:8)
  Maggie (D:7)
  A komodo dragon (D:9)
  Prince Ribbit (D:7)
  A wraith (D:6)
  2 wyverns
  A steam dragon (D:7)
  An acid dragon (D:9)
  3 water moccasins (D:7)
  An orc warrior (D:6)
  2 ogres
  3 centaurs
  4 lemures (D:4)
  A kobold brigand (D:6)
  3 bullfrogs
  2 gnoll sergeants (D:6)
  A scorpion (D:6)
  3 wights (D:6)
  5 killer bees (D:9)
  A howler monkey (D:9)
  7 hounds (D:6)
  A jelly (D:5)
  6 gnoll boudas
  3 iguanas
  7 orc wizards
  9 adders
  21 gnolls
  2 river rats (D:5)
  3 shadow imps
  4 white imps
  An ufetubus (D:4)
  A worm (D:5)
  4 dart slugs
  20 orcs
  9 ball pythons
  7 endoplasms
  5 giant cockroaches
  4 goblins
  16 hobgoblins
  4 jackals (D:3)
  6 quokkas
  5 bats
  A frilled lizard (D:2)
  11 kobolds
  14 rats
211 creatures vanquished.

Vanquished Creatures (others)
  A black bear (D:9)
  A jelly (D:7)
  14 fungi (D:9)
  18 plants
34 creatures vanquished.

Grand Total: 245 creatures vanquished

Notes
Turn   | Place    | Note
-------+----------+-------------------------------------------
     0 | D:1      | QueenGhuleh the Minotaur Berserker began the quest for the
                  | Orb.
     0 | D:1      | Reached XP level 1. HP: 19/19 MP: 0/0
   249 | D:1      | Reached XP level 2. HP: 14/27 MP: 1/1
   406 | D:1      | Found a faded altar of an unknown god.
  1177 | D:2      | Reached XP level 3. HP: 32/33 MP: 2/2
  1362 | D:2      | Reached ** piety under Trog
  1389 | D:2      | Reached XP level 4. HP: 36/40 MP: 3/3
  1666 | D:2      | Found a sparkling altar of Nemelex Xobeh.
  2066 | D:3      | Reached skill level 5 in Axes
  2558 | D:3      | Reached skill level 1 in Polearms
  2558 | D:3      | Reached XP level 5. HP: 43/47 MP: 4/4
  3108 | D:4      | Reached skill level 2 in Polearms
  3154 | D:4      | Noticed Pikel
  3154 | D:4      | Noticed a lemure
  3154 | D:4      | Noticed a lemure
  3154 | D:4      | Noticed a lemure
  3154 | D:4      | Noticed a lemure
  3160 | D:4      | Killed a lemure
  3163 | D:4      | Killed a lemure
  3167 | D:4      | Killed a lemure
  3170 | D:4      | Killed a lemure
  3174 | D:4      | HP: 2/70 [Pikel/+2 whip of freezing (2)]
  3175 | D:4      | Killed Pikel
  3176 | D:4      | Reached skill level 5 in Fighting
  3176 | D:4      | Reached skill level 5 in Polearms
  3176 | D:4      | Reached XP level 6. HP: 3/56 MP: 5/5
  3176 | D:4      | Reached XP level 7. HP: 3/61 MP: 6/6
  3698 | D:4      | Found a white marble altar of Elyvilon.
  3762 | D:4      | Found a basalt altar of Yredelemnul.
  4203 | D:5      | Entered Level 5 of the Dungeon
  4323 | D:5      | Found a staircase to the Ecumenical Temple.
  4497 | D:5      | Reached skill level 6 in Polearms
  4497 | D:5      | Reached skill level 5 in Armour
  4698 | D:5      | Reached *** piety under Trog
  4977 | D:5      | Reached XP level 8. HP: 66/70 MP: 7/7
  5125 | D:6      | Reached skill level 1 in Stealth
  5155 | D:6      | Reached skill level 7 in Polearms
  5508 | D:6      | Reached skill level 8 in Polearms
  5776 | D:6      | Reached skill level 9 in Polearms
  5777 | D:6      | Reached XP level 9. HP: 79/79 MP: 8/8
  5863 | D:6      | Reached **** piety under Trog
  6287 | D:7      | Reached skill level 10 in Polearms
  6785 | D:7      | Noticed Prince Ribbit
  6799 | D:7      | Killed Prince Ribbit
  6867 | D:7      | Noticed Maggie
  6879 | D:7      | Killed Maggie
  6880 | D:7      | Reached skill level 11 in Polearms
  7554 | D:8      | Noticed Maurice
  7574 | D:8      | Killed Maurice
  7575 | D:8      | Reached XP level 10. HP: 56/88 MP: 9/9
  7845 | D:8      | Noticed Gastronok
  7862 | D:8      | Killed Gastronok
  7863 | D:8      | Reached skill level 12 in Polearms
  8964 | D:9      | Reached skill level 13 in Polearms
  8974 | D:9      | HP: 2/91 [steam dragon (7)]
  8975 | D:9      | Slain by a steam dragon

Illustrated notes

Levels and vault maps discovered:
D:1:      tarquinn_simple_flora_water_f, layout_basic,
          hellmonk_ecumenical_altar_leap_of_faith,
          chequers_serial_rivers_micro_d
D:2:      minmay_door_path, layout_basic, basic_altar, minmay_misc_feat_rows
D:3:      layout_basic
D:4:      layout_loops_ring, kennysheep_ying_yang, serial_bayou_ford_a,
          kennysheep_minor_cross, dreamdust_princess_corridor, uniq_pikel
D:5:      layout_basic, minmay_temple_entry_waves, portal_sewer_entry_e
D:6:      kennysheep_housing_project, layout_rooms
D:7:      layout_cave_pools, enter_bailey_2, uniq_maggie, uniq_prince_ribbit1
D:8:      layout_rooms, uniq_maurice, uniq_gastronok
D:9:      layout_cave_pools, grunt_lair_entry_orc_guard_hut, st_stairs_11

Skill      XL: |  1  2  3  4  5  6  7  8  9 10 |
---------------+-------------------------------+-----
Fighting       | 4 5 6 7 8 9 |  9.3
Axes           | 4 5 |  5.5
Dodging        | 3 |  3.8
Armour         | 3 4 5 6 8 9 |  9.5
Polearms       | 1 5 6 9 11 13 | 13.0
Stealth        | 1 |  1.2

Action                   |  1- 3 |  4- 6 |  7- 9 | 10-12 || total
-------------------------+-------+-------+-------+-------++-------
Melee: Hand axe          |    44 |       |       |       ||    44
       Headbutt          |     3 |    11 |    29 |     8 ||    51
       War axe           |    14 |       |       |       ||    14
       Halberd           |       |   108 |   257 |    58 ||   423
Invok: Berserk           |       |     2 |     4 |     3 ||     9
       Trog's Hand       |       |       |       |     1 ||     1
 Stab: Sleeping          |     2 |       |       |       ||     2
Armor: Animal skin       |     5 |       |       |       ||     5
       Ring mail         |     3 |     6 |       |       ||     9
       Plate armour      |       |    53 |   121 |    63 ||   237
Dodge: Dodged            |    36 |    40 |    99 |    42 ||   217
